[Event "Open Nuevo Centro. Jornada 1"]
[Site "Chess.com"]
[Date "2020.06.19"]
[Round "4"]
[White "Zamora Soler, Raul"]
[Black "Pitarch Soriano, Pablo"]
[Result "1-0"]
[WhiteElo "1746"]
[BlackElo "1078"]
[TimeControl "180+2"]
[EndTime "11:16:14 PDT"]
[Termination "Victoria de rzamora80 por jaque mate"]

1. e4 e5 2. Nf3 Nc6 3. d4 d6 4. dxe5 dxe5 5. Qxd8+ Kxd8 6. Bb5 Bd6 7. Bxc6 bxc6 8. Bd2 Nf6 9. Bg5 Ke7 10. Nbd2 Ba6 11. O-O-O Ke8 12. Bxf6 gxf6 13. Nh4 Rg8 14. g3 Bb7 15. Nf5 Bb4 16. c3 Bc5 17. f3 Rg5 18. g4 Bc8 19. Ng3 Be3 20. Kc2 Bxd2 21. Rxd2 Ba6 22.
Rhd1 Bb5 23. Rd7 Rc8 24. Nf5 c5 25. Re7+ Kf8 26. Rxc7 Rxc7 27. Rd8+ Be8 28. c4 h5 29. h3 hxg4 30. hxg4 Rd7 31. Ra8 Rg8 32. b3 Rh8 33. Ne3 Rh3 34. Nd5 Rxf3 35. a4 Rg3 36. Nxf6 Ke7 37. Nxe8 Rd8 38. Rxd8 Kxd8 39. Nd6 Rxg4 40. Nxf7+ Ke7 41. Nxe5 Rxe4 42. Nc6+ Kd6 43. Nxa7 Re2+ 44.
Kc3 Re3+ 45. Kc2 Re2+ 46. Kd3 Rb2 47. Kc3 Rg2 48. Nb5+ Kc6 49. a5 Ra2 50. b4 cxb4+ 51. Kxb4 Rb2+ 52. Ka3 Rc2 53. Kb3 Rd2 54. a6 Rd7 55. a7 Rd8 56. Kb4 Ra8 57. c5 Kb7 58. Kc4 Kc6 59. Nd4+ Kb7 60. Nb5 Kc6 61. Kb4 Kb7 62.
Kb3 Ka6 63. Kc4 Kb7 64. Kd5 Ka6 65. Kc6 Ka5 66. Kb7 Rf8 67. c6 Kxb5 68. c7 Ka5 69.
a8=Q+ Rxa8 70. Kxa8 Kb6 71. c8=Q Kb5 72. Qc2 Kb4 73. Kb7 Ka5 74. Kc6 Kb4 75. Kd5 Ka3 76.
Qb1 Ka4 77. Kc4 Ka3 78. Qb3# 1

[Event "Open Nuevo Centro. Jornada 1"]
[Site "Chess.com"]
[Date "2020.06.19"]
[Round "4"]
[White "Garcia Trobat, Francisco"]
[Black "Martinez Villena, David"]
[Result "1-0"]
[WhiteElo "2226"]
[BlackElo "1711"]
[TimeControl "180+2"]
[EndTime "11:16:41 PDT"]
[Termination "Victoria de NoSure por tiempo"]

1. e4 c5 2. Nf3 d6 3. Bb5+ Nd7 4. c4 a6 5. Bxd7+ Bxd7 6. d4 cxd4 7. Nxd4 g6 8. O-O Bg7 9. Nc3 Nf6 10. b3 O-O 11. Bb2 b5 12. Qe2 Rb8 13. cxb5 axb5 14. Nd5 b4 15.
Rfd1 Re8 16. e5 Nxd5 17. e6 fxe6 18. Nxe6 Bxb2 19. Nxd8 Bxa1 20. Rxa1 Rbxd8 21. Qc4 Be6 22. Re1 Rc8 23. Qb5 Bf7 24. h4 Rc5 25. Qd7 Rec8 26.
h5 Rc1 27. Rxc1 Rxc1+ 28. Kh2 Kg7 29. Qg4 Rc3 30. Qg5 Nf6 31. h6+ Kf8 32. f3 Rc5 33. Qd2 Rh5+ 34. Kg1 Nd7 35. Qxb4 Rxh6 36. Qb7 Ne5 37.
Qc8+ Kg7 38. Qd8 Kf6 39. a4 Rh5 40. a5 Nc6 41. Qh8+ Ke6 42. a6 Ra5 43. Qc8+ Kf6 44. Qxc6 Be6 45. Kh2 Rh5+ 46. Kg1 Bd5 47. Qc3+ Ke6 48.
Qd3 Rh4 49. a7 Rb4 50. Qxd5+ 1

[Event "Open Nuevo Centro. Jornada 1"]
[Site "Chess.com"]
[Date "2020.06.19"]
[Round "4"]
[White "Alegre Romaguera, Francesc"]
[Black "Castellano L�pez, Javier"]
[Result "0-1"]
[WhiteElo "1219"]
[BlackElo "1752"]
[TimeControl "180+2"]
[EndTime "11:16:44 PDT"]
[Termination "Victoria de its_xavi_official por jaque mate"]

1. e4 d5 2. exd5 Qxd5 3. Nc3 Qa5 4. d4 c6 5. Bc4 Nf6 6. Ne2 Bg4 7. h3 Bh5 8. O-O e6 9. f4 Bd6 10. g4 Bg6 11.
Ng3 h6 12. Qe2 O-O 13. f5 exf5 14. Nxf5 Qc7 15. Nxh6+ gxh6 16. Bxh6 Re8 17. Qf2 Ne4 18. Nxe4 Rxe4 19. Qf6 Bf8 20. Bxf8 Kxf8 21. Qxg6 Qg3+ 22. Kh1 Qxh3+ 23. Kg1 Rxg4+ 24. Qxg4 Qxg4+ 25. Kh2 Qh4+ 26. Kg2 Qe4+ 27. Rf3 f5 28. Rf1 Nd7 29. Bd3 Qg4+ 30. Kf2 Qxd4+ 31. Ke2 Qxb2 32. Rxf5+ Ke7 33. Rf7+ Kd6 34.
Rh7 Re8+ 35. Kd2 Qb4+ 36. Kc1 Re1+ 37. Rxe1 Qxe1+ 38. Kb2 Qe5+ 39. c3 b6 40. Rh6+ Kc7 41. Rh7 Kd6 42. Rh6+ Kc5 43. Rh4 Nf6 44. Rc4+ Kd6 45.
Rd4+ Kc7 46. Rh4 b5 47. Rd4 Nd5 48. Kb3 Kb6 49. Rh4 a5 50. c4 Qc3# 0

[Event "Open Nuevo Centro. Jornada 1"]
[Site "Chess.com"]
[Date "2020.06.19"]
[Round "4"]
[White "Sanchez Saez, Francisco"]
[Black "Yuste Valenzuela, Alejandro"]
[Result "1-0"]
[WhiteElo "2279"]
[BlackElo "1792"]
[TimeControl "180+2"]
[EndTime "11:17:17 PDT"]
[Termination "Victoria de Pacman1995 por abandono"]

1. Nf3 Nf6 2. g3 g6 3. Bg2 Bg7 4. O-O d6 5. c4 O-O 6. d4 Bf5 7. Nc3 Ne4 8. Qb3 Nxc3 9. bxc3 Bc8 10. e4 c5 11. Be3 Nc6 12. Rfd1 Qb6 13. Rab1 Qxb3 14.
axb3 b6 15. e5 Bb7 16. exd6 exd6 17. b4 cxb4 18. cxb4 Rac8 19. c5 dxc5 20. bxc5 Ba8 21. cxb6 axb6 22. Rxb6 Ne7 23. Ne5 Bxg2 24. Kxg2 Nd5 25.
Rb3 Nxe3+ 26. Rxe3 Bxe5 27. dxe5 Rcd8 28. Rb1 Rfe8 29.
Rb7 Re6 30. h4 h5 31. Rc7 Rde8 32. f4 Rd8 33. Rb3 Rd2+ 34. Kf3 Ra6 35. Rb8+ Kg7 36.
Rbb7 Ra3+ 37. Ke4 Re2+ 38. Kd5 Rd2+ 39. Kc5 Rc3+ 40. Kb4 Rxc7 41. Rxc7 Kf8 42. Rc3 Rd7 43. Kc4 Ke7 44. Rd3 Rc7+ 45. Kd4 Ke6 46. Ke4 Rc4+ 47. Rd4 Rc7 48. Rd6+ Ke7 49. Rd4 Ke6 50. Rd6+ Ke7 51. Kd3 Ra7 52. Ke3 Ra3+ 53. Rd3 Ra7 54. Rb3 Rc7 55. f5 gxf5 56. Kf4 Rc5 57. Kxf5 Rc4 58. Kg5 Rc5 59. Kxh5 Rxe5+ 60. Kg4 Re4+ 61. Kf5 Re6 62. h5 Rf6+ 63. Kg5 Re6 64. g4 f6+ 65.
Kg6 Rd6 66. Re3+ Kf8 67. Ra3 Ke7 68. Ra7+ Kf8 69. Rf7+ Kg8 70. Rxf6 Rxf6+ 71. Kxf6 Kh7 72. g5 Kg8 73. g6 Kh8 74. g7+ Kh7 75. Kf7 1

[Event "Open Nuevo Centro. Jornada 1"]
[Site "Chess.com"]
[Date "2020.06.19"]
[Round "4"]
[White "Birnoveanu, Petru"]
[Black "Fern�ndez Mart�n, Berta"]
[Result "1-0"]
[WhiteElo "1566"]
[BlackElo "987"]
[TimeControl "180+2"]
[EndTime "11:17:22 PDT"]
[Termination "Victoria de piculet por abandono"]

1. e4 e5 2. Bc4 Nc6 3. Nf3 Nf6 4. d3 d6 5. Bg5 h6 6. Bxf6 Qxf6 7. O-O Bg4 8. Bb5 Be7 9. Bxc6+ bxc6 10. Nbd2 Rb8 11.
b3 O-O 12. h3 Bh5 13. g4 Bg6 14. Nh2 d5 15. f3 Bc5+ 16. Kg2 h5 17. Qe2 hxg4 18. fxg4 Qg5 19. Ndf3 Qe3 20. Qxe3 Bxe3 21. exd5 cxd5 22. Nxe5 Bd4 23. Nd7 Bxa1 24. Rxa1 Rbe8 25.
Nxf8 Kxf8 26. Rf1 Re2+ 27. Rf2 Re1 28. a4 Ke7 29. Nf3 Ra1 30. Ne5 Kd6 31. Re2 Rc1 32.
h4 Bh7 33. Nxf7+ Kd7 34. Ne5+ Kd8 35. Nc6+ Kd7 36. Nxa7 Bg8 37. Nb5 Be6 38. g5 Bg4 39.
Rf2 Bd1 40. Rf7+ Kd8 41. Rxc7 Bg4 42. Rc5 Rd1 43. Rxd5+ Ke7 44. Rc5 Rd2+ 45. Kg3 Bh5 46. Nd4 Bg6 47. a5 Rd1 48. b4 Ra1 49. Nf3 Ra2 50.
Ne5 Be8 51. c3 Ra3 52. d4 Ra1 53. Nd3 Rg1+ 54. Kf2 Rd1 55. Nf4 Rd2+ 56. Ke3 Rh2 57. Rc7+ Kd8 58. Rxg7 Rxh4 59. g6 Rh3+ 60. Nxh3 Bd7 61.
Rxd7+ Kxd7 62. g7 1

[Event "Open Nuevo Centro. Jornada 1"]
[Site "Chess.com"]
[Date "2020.06.19"]
[Round "4"]
[White "Ferrero Sanchis, Enrique"]
[Black "Gracia Calvo, Andres"]
[Result "0-1"]
[WhiteElo "1510"]
[BlackElo "1837"]
[TimeControl "180+2"]
[EndTime "11:17:43 PDT"]
[Termination "Victoria de andresjaque21 por jaque mate"]

1. d4 d5 2. Bf4 c5 3. c3 Nc6 4.
Nf3 Qb6 5. Qc2 cxd4 6. cxd4 Nxd4 7. Nxd4 Qxd4 8. e3 Qb4+ 9. Nd2 Bd7 10. Bd3 Nf6 11. O-O e6 12. a3 Qb6 13. b4 Bd6 14.
Bg5 Be7 15. Rac1 Rc8 16. Qb2 O-O 17. Bf4 Bd6 18. Bg5 Be7 19. Nf3 h6 20. Bh4 Bb5 21. Bxb5 Qxb5 22. Rxc8 Rxc8 23. Rc1 Qd7 24. Ne5 Qd8 25. Ng4 Nxg4 26. Rxc8 Qxc8 27. Bxe7 Qc7 28. Bc5 b6 29. Bd4 e5 30. Bc3 h5 31. h3 Nh6 32.
Bxe5 Qc4 33. Bxg7 Nf5 34. Bd4 Nxd4 35. Qxd4 Qc1+ 36. Kh2 Qxa3 37. Qxd5 Qxb4 38. Qa8+ Kg7 39. Qxa7 b5 40. Kg3 Qc4 41. Kf3 b4 42. e4 b3 43.
Ke3 b2 44. Qb8 Qc1+ 45. Kf3 b1=Q 46. Qe5+ Kf8 47. Qd6+ Ke8 48. Qe5+ Kd8 49. Qd6+ Kc8 50. Qf8+ Kb7 51. Qxf7+ Qc7 52. Qd5+ Kb8 53. Qg8+ Ka7 54. Qd5 Qc3+ 55. Kf4 Qf6+ 56. Kg3 Qg5+ 57. Kh2 Qxd5 58. exd5 Qd1 59. Kg3 Qxd5 60. f3 Kb7 61. Kh4 Kc7 62. f4 Kd7 63. g4 hxg4 64. hxg4 Ke7 65. f5 Kf7 66. Kg5 Kg7 67. Kh5 Qg2 68. g5 Qh3# 0

[Event "Open Nuevo Centro. Jornada 1"]
[Site "Chess.com"]
[Date "2020.06.19"]
[Round "4"]
[White "Vorozbits Moisejevs, Daniels"]
[Black "Ursariu, Nikolas Victor"]
[Result "0-1"]
[WhiteElo "921"]
[BlackElo "1277"]
[TimeControl "180+2"]
[EndTime "11:18:45 PDT"]
[Termination "Victoria de NikolasVictor por jaque mate"]

1. e4 e5 2. Nf3 Nc6 3. Bc4 Bc5 4. O-O Nf6 5. d3 O-O 6. Nc3 d6 7. Be3 Bb6 8. Bxb6 axb6 9. Bd5 Nxd5 10. Nxd5 Ne7 11.
Nxe7+ Qxe7 12. Qd2 Be6 13. Qe3 Rxa2 14. Rxa2 Bxa2 15.
Ra1 Be6 16. h3 Rd8 17. Ra7 Rb8 18. b3 Qd7 19. Ra1 Qc6 20. c4 b5 21. Rc1 bxc4 22.
bxc4 Qa4 23. Ng5 Qd7 24. Nxe6 Qxe6 25. f4 exf4 26. Qxf4 Qe5 27. Qxe5 dxe5 28. Kf2 Rd8 29. Ke3 Kf8 30. Rb1 b6 31. Ra1 Ke7 32. Ra7 Rd7 33.
Ra8 Rd8 34. Ra7 Kd7 35. g4 Kc6 36. Ra4 b5 37. cxb5+ Kxb5 38. Ra7 Kb6 39. Ra1 c5 40. Rb1+ Kc7 41. Rb5 Kc6 42. Rb1 g5 43. Rf1 Rd7 44. Rb1 Rd6 45. Rb8 Rd7 46. Rh8 f6 47. Rf8 Rd6 48.
Rf7 h6 49. Rh7 Kb5 50. Rxh6 c4 51. dxc4+ Kxc4 52. Rh8 Rd3+ 53. Kf2 Rd2+ 54. Ke1 Rd3 55. Rc8+ Kd4 56. Rf8 Kxe4 57. Rxf6 Rf3 58. Rb6 Rxh3 59.
Rb4+ Kd5 60. Rb5+ Kd4 61. Rb4+ Kc5 62. Re4 Kd5 63. Rb4 Re3+ 64. Kd2 Re4 65. Rb5+ Kc4 66.
Rb8 Rxg4 67. Rc8+ Kd5 68. Rd8+ Ke4 69. Rb8 Rg2+ 70. Ke1 g4 71. Rb4+ Kf5 72. Rb5 g3 73.
Kf1 Rf2+ 74. Kg1 Kf4 75. Rb4+ e4 76. Rb3 e3 77. Rb4+ Kf3 78. Rb8 e2 79. Re8 Rg2+ 80. Kh1 Rf2 81. Kg1 Rf1# 0

[Event "Open Nuevo Centro. Jornada 1"]
[Site "Chess.com"]
[Date "2020.06.19"]
[Round "5"]
[White "Campos Gambuti, Luis Mar�a"]
[Black "Granero Roca, Antonio"]
[Result "1/2-1/2"]
[WhiteElo "2330"]
[BlackElo "2521"]
[TimeControl "180+2"]
[EndTime "11:19:47 PDT"]
[Termination "Partida en tablas por mutuo acuerdo"]

1. d4 Nf6 2. Nf3 d5 3. c4 c6 4. cxd5 cxd5 5. Nc3 Nc6 6. Bf4 e6 7. Rc1 Bd6 8. Bxd6 Qxd6 9. e3 O-O 10. Bd3 Bd7 11. O-O Rac8 1/2-1

[Event "Open Nuevo Centro. Jornada 1"]
[Site "Chess.com"]
[Date "2020.06.19"]
[Round "5"]
[White "Amor�s P�rez, Manuel David"]
[Black "Gil Lopez, Alejandro"]
[Result "0-1"]
[WhiteElo "1645"]
[BlackElo "2039"]
[TimeControl "180+2"]
[EndTime "11:20:49 PDT"]
[Termination "Victoria de AglVal0313 por abandono"]

1. e4 c5 2. Nf3 g6 3. d4 cxd4 4. Nxd4 Bg7 5. Nc3 Nc6 6. Nxc6 bxc6 7. Bd2 d6 8. Bd3 Nf6 9. O-O O-O 10. Re1 c5 11. e5 dxe5 12. Rxe5 Ng4 13. Re1 Qd6 14. g3 Bd4 15. Be3 f5 16. Bxd4 Qxd4 17. Ne2 Qxf2+ 0

[Event "Open Nuevo Centro. Jornada 1"]
[Site "Chess.com"]
[Date "2020.06.19"]
[Round "5"]
[White "Gracia Calvo, Andres"]
[Black "Rodriguez, Mathias"]
[Result "1-0"]
[WhiteElo "1849"]
[BlackElo "2000"]
[TimeControl "180+2"]
[EndTime "11:21:12 PDT"]
[Termination "Victoria de andresjaque21 por jaque mate"]

1. d4 d5 2. Nf3 e6 3. Bf4 Nf6 4.
e3 Be7 5. Bd3 O-O 6. Nbd2 b6 7.
Ne5 Bb7 8. Qf3 Nbd7 9. g4 c5 10. c3 c4 11. Bc2 Nxe5 12. dxe5 Nd7 13. Qh3 h6 14. Nf3 Nc5 15. g5 hxg5 16. Qh7# 1

[Event "Open Nuevo Centro. Jornada 1"]
[Site "Chess.com"]
[Date "2020.06.19"]
[Round "5"]
[White "Gutierrez Lacambra, Jose Antonio"]
[Black "Fitzpatrick Dimas  , Andrew "]
[Result "1-0"]
[WhiteElo "1256"]
[BlackElo "1118"]
[TimeControl "180+2"]
[EndTime "11:21:55 PDT"]
[Termination "Victoria de sygm2012 por abandono"]

1. c4 e5 2. g3 Nc6 3. Bg2 Nf6 4. Nc3 Bb4 5. Nf3 Bxc3 6. bxc3 O-O 7. O-O d6 8. d3 Bg4 9. Bg5 h6 10. Be3 d5 11.
cxd5 Qxd5 12. Ne1 Qd6 13. Qb3 b6 14. Nf3 Be6 15. c4 a6 16. Qc3 b5 17. cxb5 axb5 18.
Rfc1 Ra6 19. Bc5 1

[Event "Open Nuevo Centro. Jornada 1"]
[Site "Chess.com"]
[Date "2020.06.19"]
[Round "5"]
[White "Donate Moreno, Silvia"]
[Black "Aymerich Rosell, Pablo"]
[Result "0-1"]
[WhiteElo "1777"]
[BlackElo "2018"]
[TimeControl "180+2"]
[EndTime "11:22:00 PDT"]
[Termination "Victoria de jasikevic por abandono"]

1. e4 c5 2. Nf3 Nc6 3. d4 cxd4 4. Nxd4 Nf6 5. Nc3 e5 6. Nb3 Bb4 7. f3 d5 8. exd5 Nxd5 9. Bd2 Nxc3 10. bxc3 Be7 11.
Bb5 O-O 12. O-O Qb6+ 0

[Event "Open Nuevo Centro. Jornada 1"]
[Site "Chess.com"]
[Date "2020.06.19"]
[Round "5"]
[White "Rabbani Perez, Ayoub "]
[Black "Vorozbits Moisejevs, Daniels"]
[Result "0-1"]
[WhiteElo "239"]
[BlackElo "921"]
[TimeControl "180+2"]
[EndTime "11:22:11 PDT"]
[Termination "Victoria de UgnadaKnukes por jaque mate"]

1. g4 e5 2. f3 Nf6 3. g5 Nd5 4. Nh3 Be7 5. Nf2 Bxg5 6. f4 Bh4 7. fxe5 Bxf2+ 8. Kxf2 Qh4+ 9. Kg1 Qg4+ 10. Bg2 Nf4 11. Kf2 Qxg2+ 12. Ke3 Qg4 13. Kd4 O-O 14.
e6 dxe6 15. Re1 Ng2+ 16. Kd3 Rd8+ 17. Kc3 Qd4+ 18. Kb3 e5 19. h4 Be6+ 20. Ka3 Rd5 21. e4 Ra5# 0

[Event "Open Nuevo Centro. Jornada 1"]
[Site "Chess.com"]
[Date "2020.06.19"]
[Round "5"]
[White "Hern�ndez Tom�s, Efr�n"]
[Black "Pitarch Soriano, Pablo"]
[Result "1-0"]
[WhiteElo "940"]
[BlackElo "1059"]
[TimeControl "180+2"]
[EndTime "11:22:37 PDT"]
[Termination "Victoria de EfrenHT10 por jaque mate"]

1. e4 e5 2. Nf3 Nc6 3. Bc4 Nf6 4. Ng5 d5 5. exd5 Nxd5 6. Bxd5 Qxg5 7. Qf3 Qf6 8. Qxf6 gxf6 9. O-O Bd7 10. Bxc6 Bxc6 11. Nc3 O-O-O 12. d3 Rg8 13. g3 Bc5 14. Be3 Bxe3 15.
fxe3 Bd7 16. e4 Bh3 17. Rxf6 Rd7 18. Nd5 Be6 19. Nc3 Rg6 20. Rxg6 fxg6 21. Rf1 Bh3 22.
Rf8+ Rd8 23. Rf7 Rd7 24. Rxd7 Bxd7 25. Nd5 Kd8 26. Nf6 h5 27. g4 hxg4 28. Nxd7 Kxd7 29. Kg2 Kc6 30. Kg3 Kc5 31. Kxg4 Kd4 32. Kf3 c5 33.
Ke2 b5 34. c3# 1

[Event "Open Nuevo Centro. Jornada 1"]
[Site "Chess.com"]
[Date "2020.06.19"]
[Round "5"]
[White "Juan Alos, Sergio"]
[Black "Casado Andreu, David"]
[Result "0-1"]
[WhiteElo "1227"]
[BlackElo "1571"]
[TimeControl "180+2"]
[EndTime "11:22:52 PDT"]
[Termination "Victoria de dave6635 por abandono"]

1. d4 Nf6 2. Nf3 d5 3. e3 Bf5 4. Bd3 Bg6 5. c3 e6 6. Bxg6 hxg6 7. Nbd2 Bd6 8. Qe2 Nbd7 9. e4 dxe4 10. Nxe4 Nxe4 11. Qxe4 Nf6 12. Qxb7 O-O 13. Bg5 Be7 14. Bxf6 Bxf6 15. O-O Kh7 16. Qe4 Rb8 17. Rab1 Rh8 18. Ne5 Bxe5 19. Qxe5 Kg8 20. Rfe1 Rh5 21. Re3 Rxe5 22.
Rxe5 Rb6 23. Re4 Qg5 24. g3 Qd2 25. Kf1 Rxb2 26. Rxb2 Qxb2 27. Re2 Qxc3 0

[Event "Open Nuevo Centro. Jornada 1"]
[Site "Chess.com"]
[Date "2020.06.19"]
[Round "5"]
[White "Grigorev, Artur "]
[Black "Lupu, Alexandru Mihai"]
[Result "1-0"]
[WhiteElo "897"]
[BlackElo "983"]
[TimeControl "180+2"]
[EndTime "11:23:17 PDT"]
[Termination "Victoria de Arturiog por jaque mate"]

1. e4 e5 2. Nf3 Nc6 3. Bc4 Nf6 4. d3 d6 5. Bg5 Be6 6. Bxe6 fxe6 7. Bxf6 Qxf6 8.
Nc3 Qd8 9. O-O d5 10. exd5 exd5 11. Re1 Qd6 12. d4 e4 13. Ne5 Nxe5 14. dxe5 Qxe5 15. Nxd5 O-O-O 16. c4 c6 17. Qg4+ Rd7 18. Rxe4 Qxb2 19.
Re8# 1

[Event "Open Nuevo Centro. Jornada 1"]
[Site "Chess.com"]
[Date "2020.06.19"]
[Round "5"]
[White "Moreno Garc�a, Gonzalo "]
[Black "Maestre Soler, Sergio"]
[Result "0-1"]
[WhiteElo "612"]
[BlackElo "972"]
[TimeControl "180+2"]
[EndTime "11:23:28 PDT"]
[Termination "Victoria de Sergiete2011 por jaque mate"]

1. e4 e5 2. Nf3 Bc5 3. Nc3 Nc6 4.
Bc4 h6 5. d3 Nf6 6. h3 O-O 7. a3 d6 8. O-O a6 9. Qe2 Nd4 10. b4 Nxe2+ 11. Nxe2 Bb6 12. Ra2 Bd7 13. c3 Qc8 14. d4 Bxh3 15. gxh3 Qxh3 16. d5 Qxf3 17. b5 Ng4 18. Bxh6 Bxf2+ 19. Rxf2 Qxf2+ 20. Kh1 Qh2# 0

[Event "Open Nuevo Centro. Jornada 1"]
[Site "Chess.com"]
[Date "2020.06.19"]
[Round "5"]
[White "Morata Briones, Carlos"]
[Black "Furio Martinez, Francisco"]
[Result "1-0"]
[WhiteElo "677"]
[BlackElo "771"]
[TimeControl "180+2"]
[EndTime "11:23:45 PDT"]
[Termination "Victoria de CarlosMorata por abandono"]

1. e4 e6 2. Nc3 d5 3. f3 Nf6 4.
d3 Be7 5. Bf4 O-O 6. Nh3 Nbd7 7.
Be2 b6 8. O-O Bb7 9. Ng5 Rc8 10.
Qd2 c5 11. b3 c4 12. bxc4 dxc4 13. dxc4 Bb4 14. a3 Bxa3 15. Rxa3 Qe7 16. Bd6 Qd8 17. Bxf8 Qxf8 18. Rxa7 Bc6 19. f4 Bxe4 20. Ncxe4 Nxe4 21. Nxe4 Rxc4 22. Qxd7 Rxc2 23. Bb5 1

[Event "Open Nuevo Centro. Jornada 1"]
[Site "Chess.com"]
[Date "2020.06.19"]
[Round "5"]
[White "Yeste Campos, Manuel"]
[Black "Cin� Asensio, Luca "]
[Result "0-1"]
[WhiteElo "908"]
[BlackElo "483"]
[TimeControl "180+2"]
[EndTime "11:24:00 PDT"]
[Termination "Victoria de Titanes34 por jaque mate"]

1. e4 e5 2. Nf3 Nc6 3. Bb5 d6 4. O-O Nf6 5. d3 Bg4 6. Re1 Bxf3 7. Qxf3 Be7 8. c3 O-O 9. d4 exd4 10. cxd4 Nxd4 11. Qd3 Nxb5 12. Qxb5 Nd7 13. Nc3 a6 14. Qxb7 Nc5 15. Qd5 Nd7 16. Qd3 Ne5 17. Qg3 g6 18. Bh6 Re8 19. Nd5 Bf6 20. Nxf6+ Qxf6 21. Bg5 Qg7 22. Qh3 h5 23. Rad1 f6 24. Bf4 g5 25.
Bxe5 fxe5 26. Qe6+ Rxe6 27. Rf1 g4 28. h3 gxh3 29. Kh2 Qxg2# 0

[Event "Open Nuevo Centro. Jornada 1"]
[Site "Chess.com"]
[Date "2020.06.19"]
[Round "5"]
[White "R�os Valle, Daniel "]
[Black "Salvador Buiza, Victor"]
[Result "0-1"]
[WhiteElo "1185"]
[BlackElo "1519"]
[TimeControl "180+2"]
[EndTime "11:24:09 PDT"]
[Termination "Victoria de TERROROSCURO666 por abandono"]

1. e4 e5 2. Nf3 Nc6 3. Bb5 Bc5 4. O-O d6 5. Nc3 Bg4 6. h3 Bh5 7. d3 Ne7 8. Bg5 O-O 9. Na4 f6 10. Bd2 Nd4 11. Nxc5 dxc5 12. g4 Nxb5 13. gxh5 Qe8 14. Ne1 f5 15. c4 Nd4 16. exf5 Rxf5 17. Qg4 Rxh5 18. Ng2 Qf7 19. Rae1 Nf3+ 20. Kh1 Nxd2 21. Rg1 Nf3 22. Rxe5 Nxe5 23. Nf4 Nxg4 0

[Event "Open Nuevo Centro. Jornada 1"]
[Site "Chess.com"]
[Date "2020.06.19"]
[Round "5"]
[White "Garrido Barona, An�bal"]
[Black "Mart�nez Cuenca, Adri�n "]
[Result "0-1"]
[WhiteElo "467"]
[BlackElo "633"]
[TimeControl "180+2"]
[EndTime "11:24:10 PDT"]
[Termination "Victoria de AdrianM12 por tiempo"]

1. d4 e5 2. dxe5 Bc5 3. Nf3 Nc6 4. Be3 f6 5. Bxc5 fxe5 6. h3 e4 7.
Nd4 h5 8. f3 Nb4 9. fxe4 Na6 10. b4 Nxc5 11. bxc5 d6 12. e3 dxc5 13. Nf3 c4 14.
Bxc4 c6 15. Ne5 b5 16. Nf7 Qxd1+ 0

[Event "Open Nuevo Centro. Jornada 1"]
[Site "Chess.com"]
[Date "2020.06.19"]
[Round "5"]
[White "Zakharash, Georgii"]
[Black "M�ndez Gim�nez , N�stor Emmanuel"]
[Result "0-1"]
[WhiteElo "947"]
[BlackElo "1138"]
[TimeControl "180+2"]
[EndTime "11:24:14 PDT"]
[Termination "Victoria de NestorMendez8 por jaque mate"]

1. e4 e6 2. d4 c5 3. Nf3 Nc6 4. Nc3 Qb6 5. b3 g6 6. d5 Nb4 7. d6 Bg7 8. e5 f6 9. Bf4 fxe5 10.
Bxe5 Bxe5 11. Nxe5 Nf6 12. Qf3 O-O 13. Qe3 Nxc2+ 14.
Ke2 Nxe3 15. Kxe3 c4+ 16. Kf3 Qxd6 17. Nxg6 Nd5+ 18. Ke2 Nxc3+ 19. Ke1 hxg6 20. Bxc4 Qe5+ 21. Kf1 b5 22. Bxb5 Qxb5+ 23. Kg1 Ne2+ 24. Kf1 Ng3+ 25. Kg1 Qf1+ 26. Rxf1 Ne2# 0

[Event "Open Nuevo Centro. Jornada 1"]
[Site "Chess.com"]
[Date "2020.06.19"]
[Round "5"]
[White "Mart�nez Cuenca, Jose Andr�s"]
[Black "Rodriguez Rodriguez, Joan David "]
[Result "0-1"]
[WhiteElo "1247"]
[BlackElo "1630"]
[TimeControl "180+2"]
[EndTime "11:24:36 PDT"]
[Termination "Victoria de Not_Jr_chess por abandono"]

1. e4 e5 2. Qh5 Nc6 3. Bc4 g6 4.
Qf3 Nf6 5. Nc3 Bg7 6. Qd1 O-O 7. d3 d6 8. Bg5 a6 9. Nf3 Bg4 10. h3 Bxf3 11. Qxf3 Nd4 12. Qd1 a5 13. O-O c6 14. Ne2 b5 15. Nxd4 exd4 16. Bb3 a4 17.
Bxf7+ Rxf7 18. c4 dxc3 19. bxc3 Qd7 20. c4 bxc4 21. dxc4 Nxe4 22. Be3 Bxa1 23. Qxa1 Qe7 24. Qd4 Nc5 25. Bd2 Qf6 26. Qxf6 Rxf6 27. Bc3 Re6 28. Rd1 Rae8 29. Rd4 Ne4 30. c5 Nxc3 31. cxd6 Ne2+ 0

[Event "Open Nuevo Centro. Jornada 1"]
[Site "Chess.com"]
[Date "2020.06.19"]
[Round "5"]
[White "Garcia, Jhoel"]
[Black "Borissov, Juli�n"]
[Result "1-0"]
[WhiteElo "2328"]
[BlackElo "1843"]
[TimeControl "180+2"]
[EndTime "11:24:48 PDT"]
[Termination "Victoria de shoels por abandono"]

1. Nf3 d6 2. c4 g6 3. d4 Bg7 4.
Nc3 Nf6 5. e4 O-O 6. Be2 e5 7. O-O Nc6 8. d5 Ne7 9. Ne1 Ne8 10. Be3 f5 11. f3 b6 12. b4 a5 13.
bxa5 Rxa5 14. Nd3 Bd7 15. a4 Nf6 16. Nc1 f4 17. Bf2 g5 18. Nb3 Ra8 19. a5 bxa5 20. Nxa5 Qe8 21. Nb5 Bxb5 22. cxb5 g4 23. Nc6 Nxc6 24.
dxc6 Rxa1 25. Qxa1 Qa8 26. Qb2 Rb8 27. Ra1 Qxc6 28. Qa2+ 1

[Event "Open Nuevo Centro. Jornada 1"]
[Site "Chess.com"]
[Date "2020.06.19"]
[Round "5"]
[White "M�s Ripoll, Vicente"]
[Black "Deusa Ballesteros, Luis Miguel"]
[Result "0-1"]
[WhiteElo "1149"]
[BlackElo "1506"]
[TimeControl "180+2"]
[EndTime "11:24:58 PDT"]
[Termination "Victoria de luma2 por tiempo"]

1. e4 d5 2. exd5 Nf6 3. c4 c6 4.
dxc6 Nxc6 5. b3 Bf5 6. Bb2 e5 7. Ne2 Qd7 8. g3 O-O-O 9. Bg2 Bxb1 10.
Rxb1 Bb4 11. O-O Rhe8 12. Bc3 Bxc3 13. dxc3 Qxd1 14. Rfxd1 e4 15. Rxd8+ Rxd8 16. Kf1 Rd2 17. a4 Ne5 18. Ke1 Rc2 19. Kd1 Ra2 20. Nf4 Rxf2 21.
Ke1 Rc2 22. Bh1 Rxh2 0

[Event "Open Nuevo Centro. Jornada 1"]
[Site "Chess.com"]
[Date "2020.06.19"]
[Round "5"]
[White "Bendayan Claros, Aaron"]
[Black "Yatseta Fernandez, Marc Kazymyr"]
[Result "1-0"]
[WhiteElo "1656"]
[BlackElo "1398"]
[TimeControl "180+2"]
[EndTime "11:25:10 PDT"]
[Termination "Victoria de Cuajada_Zero por abandono"]

1. e4 e5 2. Nf3 Nc6 3. Bc4 d6 4. O-O Be7 5. d3 Nf6 6. Nbd2 Be6 7. Bb5 O-O 8. Re1 a6 9. Ba4 b5 10. Bb3 Qd7 11. c3 Bg4 12. Nf1 Rad8 13. h3 Bh5 14. Ng3 h6 15. Nxh5 Nxh5 16. Nh2 Nf6 17. Qf3 Kh7 18.
Nf1 a5 19. Ng3 a4 20. Bc2 Kh8 21. Nf5 Nh7 22. Be3 Bg5 23. d4 Ne7 24. Rad1 Bxe3 25. fxe3 Ng5 26. Qh5 Nxf5 27. exf5 exd4 28. Rxd4 Rfe8 29.
f6 g6 30. Qxh6+ 1

[Event "Open Nuevo Centro. Jornada 1"]
[Site "Chess.com"]
[Date "2020.06.19"]
[Round "5"]
[White "Kovacevic, Slobodan"]
[Black "Yuste Valenzuela, Alejandro"]
[Result "1-0"]
[WhiteElo "2070"]
[BlackElo "1789"]
[TimeControl "180+2"]
[EndTime "11:25:15 PDT"]
[Termination "Victoria de nikko110 por abandono"]

1. d4 Nf6 2. Nf3 g6 3. Bg5 Bg7 4. Nbd2 h6 5. Bh4 g5 6. Bg3 Nh5 7. e4 Nxg3 8. hxg3 d6 9. c3 e6 10. Bd3 c5 11. d5 exd5 12. exd5 O-O 13. O-O a6 14. a4 Nd7 15. a5 Ne5 16. Be2 Nxf3+ 17.
gxf3 Bh3 18. Re1 f5 19. Nc4 Qf6 20. Kh2 g4 21. f4 Qg6 22. Bd3 Qh5 23. Kg1 Qg6 24.
Re6 Rf6 25. Qe2 Rxe6 26. Qxe6+ Qxe6 27. dxe6 d5 28. Nb6 Rf8 29. e7 Re8 30. Nxd5 Kf7 31. Bxf5 Bf6 32. Re1 Bxe7 33. Bd7 1